 Dungeon Crawl Stone Soup version 0.31.0-32-g396128a36d (webtiles) character file.

Game seed: 6836435131925446497

6820 jagang the Carver (level 11, -2/84 (86) HPs)
             Began as a Human Monk on Mar 12, 2024.
             Was a Priest of the Shining One.
             Slain by a wight
             ... wielding a +2 battleaxe of freezing
              (3 damage)
             ... on level 9 of the Dungeon.
             The game lasted 00:21:09 (8225 turns).

jagang the Carver (Human Monk)                      Turns: 8225, Time: 00:21:09

HP:   -2/84 (86)    AC: 24    Str: 18    XL:     11   Next: 5%
MP:   14/14         EV:  8    Int: 10    God:    the Shining One [***...]
Gold: 362           SH: 10    Dex: 20    Spells: 10/10 levels left

rFire   . . .        B - +3 long sword (protect)
rCold   + . .        O - +0 kite shield
rNeg    + . .        Q - +1 chain mail {rC+}
rPois   .            i - +0 helmet
rElec   .            j - +1 cloak
rCorr   .            l - +0 pair of gloves
SInv    .            s - +0 pair of boots
Will    .....        (no amulet) Stlth
                     e - +6 ring of strength
HPRegen 0.34/turn    k - +4 ring of slaying
MPRegen 0.14/turn

%: no passive effects
@: under a protective aura, glowing, lightly drained
A: explore regen
a: Renounce Religion, Divine Shield, Cleansing Flame


You were on level 9 of the Dungeon.
You worshipped the Shining One.
The Shining One was most pleased with you.
You visited 2 branches of the dungeon, and saw 10 of its levels.

You collected 567 gold pieces.
You spent 205 gold pieces at shops.

Inventory:

Hand Weapons
 v - a +0 scimitar
 B - a +3 long sword of protection (weapon)
Missiles
 d - 4 boomerangs (quivered)
 n - a throwing net
 x - 15 poisoned darts
 N - 2 curare-tipped darts
Armour
 i - a +0 helmet (worn)
 j - a +1 cloak (worn)
 l - a +0 pair of gloves (worn)
 s - a +0 pair of boots (worn)
 O - a +0 kite shield (worn)
 Q - a +1 chain mail of cold resistance (worn)
Jewellery
 e - a +6 ring of strength (left hand)
 k - a +4 ring of slaying (right hand)
 r - a +6 ring of strength
 J - a ring of protection from cold
 M - a +5 ring of evasion
Wands
 E - a wand of iceblast (3)
 I - a wand of acid (8)
 S - a wand of flame (19)
Scrolls
 b - 2 scrolls of immolation {unknown}
 g - a scroll of revelation
 m - 3 scrolls of enchant armour
 q - a scroll of butterflies
 u - 6 scrolls of amnesia
 y - 2 scrolls of blinking {unknown}
 A - 4 scrolls of enchant weapon {unknown}
 C - a scroll of noise {unknown}
 F - a scroll of teleportation {unknown}
 G - a scroll of fear {unknown}
 H - a scroll of vulnerability {unknown}
 L - 3 scrolls of poison {unknown}
 R - a scroll of fog {unknown}
Potions
 c - a potion of ambrosia
 f - 5 potions of lignification
 h - a potion of degeneration {unknown}
 o - 4 potions of mutation {unknown}
 p - 2 potions of resistance {unknown}
 t - a potion of invisibility {unknown}
 w - 3 potions of heal wounds {unknown}
 z - a potion of attraction {unknown}
 D - 2 potions of might {unknown}
 K - a potion of enlightenment {unknown}
 P - 2 potions of curing {unknown}


   Skills:
 + Level 7.9 Fighting
 * Level 10.6 Long Blades
 - Level 5.1 Throwing
 + Level 7.2 Armour
 - Level 3.0 Dodging
 + Level 4.4 Shields
 + Level 4.1 Invocations


You had 10 spell levels left.
You didn't know any spells.
Your spell library contained the following spells:

 Spells                   Type           Power      Damage    Failure   Level
 Shock                    Conj/Air       0%         1d3       100%        1
 Slow                     Hex            0%         N/A       100%        1
 Summon Small Mammal      Summ           0%         N/A       100%        1
 Call Canine Familiar     Summ           0%         N/A       100%        3
 Confusing Touch          Hex            0%         N/A       100%        3
 Gell's Gravitas          Tloc           0%         N/A       100%        3
 Sigil of Binding         Hex            0%         N/A       100%        3
 Summon Ice Beast         Ice/Summ       0%         N/A       100%        3
 Swiftness                Air            0%         N/A       100%        3
 Teleport Other           Tloc           0%         N/A       100%        3
 Vampiric Draining        Necr           0%         2d6       100%        3
 Airstrike                Air            0%         2d(0-16)  100%        4
 Animate Armour           Summ/Erth      0%         N/A       100%        4
 Summon Blazeheart Golem  Fire/Summ      0%         N/A       100%        4
 Summon Lightning Spire   Summ/Air       0%         N/A       100%        4
 Lee's Rapid Deconstruct  Erth           0%         3d4*      100%        5
 Summon Forest            Summ/Tloc      0%         N/A       100%        5
 Summon Mana Viper        Hex/Summ       0%         N/A       100%        5
 Dispersal                Tloc           0%         N/A       100%        6
 Summon Cactus Giant      Summ           0%         N/A       100%        6
 Monstrous Menagerie      Summ           0%         N/A       100%        7


Dungeon Overview and Level Annotations

Branches:
Dungeon (9/15)             Temple (1/1) D:4
   Lair: D:8-11         Orc: D:9-12

Altars:
Ashenzari
Cheibriados
Dithmenos
Elyvilon
Fedhas
Gozag
Hepliaklqana
Kikubaaqudgha
Makhleb
Nemelex Xobeh
Okawaru
Qazlal
Ru
Sif Muna
Trog
Uskayaw
Vehumet
Wu Jian
Xom
Yredelemnul
The Shining One

Shops:
D:4 (


Innate Abilities, Weirdness & Mutations

You regain HP and MP as you explore.


Message History

Throw: 5 boomerangs
Press: ? - help, Q - select action, (/) - cycle Shift-Dir - straight line, f/p - wight
Aim: a wight, wielding a +1 short sword and wearing a +0 robe (lightly damaged, haloed, 83% to hit)
You throw a boomerang. The boomerang hits the wight!
The wight is severely damaged.
Throw: 5 boomerangs
Press: ? - help, Q - select action, (/) - cycle Shift-Dir - straight line, f/p - wight
Aim: a wight, wielding a +1 short sword and wearing a +0 robe (severely damaged, haloed, 83% to hit)
You throw a boomerang. The boomerang barely misses the wight.
You slash the wight!
Your weapon exudes an aura of protection.
You destroy the wight!
The Shining One accepts your kill.
You feel better.
Things that are here:
a +1 short sword; a +0 robe
Things that are here:
a +3 dire flail; a +0 robe; a yak corpse A wight comes into view.
It is wielding a +2 battleaxe of freezing.
The wight hits you with a +2 battleaxe of freezing!
* * * LOW HITPOINT WARNING * * *
You hit the wight.
Your weapon exudes an aura of protection.
The wight is lightly damaged.
The wight hits you with a +2 battleaxe of freezing.
* * * LOW HITPOINT WARNING * * *
You partially resist.
You feel drained. The wight freezes you.
* * * LOW HITPOINT WARNING * * *
You hit the wight but do no damage.
The wight is lightly damaged.
The wight hits you with a +2 battleaxe of freezing.
* * * LOW HITPOINT WARNING * * *
You partially resist.
You feel drained. The wight freezes you.
* * * LOW HITPOINT WARNING * * *
You completely miss the wight.
The wight is lightly damaged.
The wight hits you with a +2 battleaxe of freezing!
* * * LOW HITPOINT WARNING * * *
The wight freezes you.
You die...

.........#
......... #......
.# #...# ....###†.#
.......)†#
....###).# .
....####.## ...
........@.#####....
........z..........
#...............##
.......<........#
...............##
##..........#..#
#.(#........#.##
#.............#
.............##


You could see a wight.

Vanquished Creatures
  Amaemon (D:8)
  Maurice (D:8)
  Joseph (D:8)
  An orange demon (D:9)
  A hornet (D:8)
  Grinder (D:5)
  A shadow (D:8)
  6 yaks
  An acid dragon (D:8)
  2 water moccasins
  3 ice beasts
  A black bear (D:6)
  5 orc warriors (D:8)
  A sky beast (D:6)
  4 ogres (D:8)
  2 centaurs (D:8)
  A phantom (D:4)
  5 kobold brigands
  Blork the orc (D:5)
  4 scorpions
  A bullfrog (D:8)
  3 gnoll sergeants
  3 wights (D:9)
  A bombardier beetle (D:4)
  2 hounds
  A jelly (D:7)
  2 orc priests (D:7)
  Crazy Yiuf (D:5)
  2 gnoll boudas (D:8)
  3 sleepcaps
  3 iguanas
  6 orc wizards
  23 gnolls
  8 adders
  A shadow imp (D:5)
  2 ufetubi (D:7)
  2 dart slugs
  2 ribbon worms (D:3)
  31 orcs
  8 endoplasms
  4 giant cockroaches
  7 goblins
  6 hobgoblins
  5 jackals (D:2)
  2 quokkas
  8 ball pythons
  6 bats
  4 frilled lizards
  10 kobolds
  2 rats
  A spectral orc (D:3)
203 creatures vanquished.

Notes
Turn   | Place    | Note
-------+----------+-------------------------------------------
     0 | D:1      | jagang the Human Monk began the quest for the Orb.
     0 | D:1      | Reached XP level 1. HP: 18/18 MP: 1/1
   231 | D:1      | Reached XP level 2. HP: 24/24 MP: 2/2
   903 | D:2      | Reached skill level 1 in Armour
  1019 | D:2      | Reached XP level 3. HP: 26/29 MP: 3/3
  1896 | D:3      | Reached XP level 4. HP: 35/35 MP: 4/4
  1975 | D:3      | Reached skill level 4 in Long Blades
  1978 | D:3      | Reached skill level 1 in Throwing
  2336 | D:3      | Reached XP level 5. HP: 36/41 MP: 5/5
  2679 | D:3      | Found a faded altar of an unknown god.
  2735 | D:3      | Found a hazy altar of Hepliaklqana.
  2883 | D:4      | Reached XP level 6. HP: 48/48 MP: 6/6
  2907 | D:4      | Reached skill level 5 in Long Blades
  3174 | D:4      | Reached XP level 7. HP: 30/54 MP: 7/7
  3364 | D:4      | Found a snail-covered altar of Cheibriados.
  3408 | D:4      | Found a staircase to the Ecumenical Temple.
  3427 | Temple   | Entered the Ecumenical Temple
  3445 | Temple   | Became a worshipper of the Shining One
  3445 | Temple   | Reached * piety under the Shining One
  3445 | Temple   | Reached ** piety under the Shining One
  3474 | D:4      | Found Qefroara's Weapon Shoppe.
  3487 | D:4      | Bought a +3 long sword for 205 gold pieces
  3783 | D:5      | Entered Level 5 of the Dungeon
  3809 | D:5      | Reached skill level 6 in Long Blades
  3911 | D:5      | Found an ancient bone altar of Kikubaaqudgha.
  3938 | D:5      | Reached XP level 8. HP: 61/61 MP: 8/8
  3948 | D:5      | Noticed Blork the orc
  3956 | D:5      | Killed Blork the orc
  4076 | D:5      | Noticed Grinder
  4088 | D:5      | Killed Grinder
  4089 | D:5      | Reached skill level 5 in Fighting
  4146 | D:5      | Found a runed translucent door.
  4147 | D:5      | Noticed Crazy Yiuf
  4511 | D:5      | Killed Crazy Yiuf
  4512 | D:5      | Reached skill level 7 in Long Blades
  4832 | D:6      | Found a burning altar of Makhleb.
  5394 | D:6      | Reached XP level 9. HP: 69/69 MP: 9/9
  5617 | D:7      | Found a stormy altar of Qazlal.
  5652 | D:7      | Found an ornate altar of the Wu Jian Council.
  5661 | D:7      | Reached skill level 5 in Armour
  5667 | D:7      | Reached skill level 8 in Long Blades
  6186 | D:8      | Noticed Maurice
  6191 | D:8      | Maurice stole a +5 ring of evasion
  6197 | D:8      | Killed Maurice
  6198 | D:8      | Reached skill level 5 in Throwing
  6253 | D:8      | Noticed a hornet
  6264 | D:8      | Killed a hornet
  6351 | D:8      | Reached skill level 9 in Long Blades
  6366 | D:8      | Found a sparkling altar of Nemelex Xobeh.
  6673 | D:8      | Noticed Joseph
  6689 | D:8      | Killed Joseph
  6690 | D:8      | Reached skill level 1 in Invocations
  6690 | D:8      | Reached XP level 10. HP: 51/77 MP: 9/11
  7021 | D:8      | Found a basalt altar of Yredelemnul.
  7200 | D:8      | Reached *** piety under the Shining One
  7911 | D:9      | Noticed Amaemon
  7974 | D:9      | Noticed an orange demon
  7996 | D:8      | Killed Amaemon
  7997 | D:8      | Reached skill level 10 in Long Blades
  8137 | D:9      | Killed an orange demon
  8182 | D:9      | Reached XP level 11. HP: 29/86 MP: 12/14
  8225 | D:9      | HP: 1/84 [wight/+2 battleaxe of freezing (12)]
  8225 | D:9      | Slain by a wight

Illustrated notes

Levels and vault maps discovered:
D:1:      evilmike_arrival_crescent, layout_basic, st_stairs_4
D:2:      layout_loops_cross, serial_rivers, chequers_serial_rivers_large_b,
          chequers_serial_rivers_micro_a, chequers_serial_rivers_room_a,
          chequers_serial_rivers_micro_b, minmay_unequal
D:3:      layout_loops_corners, nicolae_hepliaklqana_monster_ancestors,
          dilly_ecumenical_altar_fadedgnrine, minmay_quantized
D:4:      layout_basic, cheibriados_altar_1, minmay_temple_entry_slanted,
          serial_forest, infiniplex_forest_end_2, infiniplex_forest_clump_long,
          infiniplex_forest_corner_2, infiniplex_forest_corner_1,
          infiniplex_forest_straight_3, serial_shops,
          nicolae_shop_bloodbath_and_beyond, lightli_minifort
D:5:      layout_loops_ring, kennysheep_little_box, uniq_crazy_yiuf_cottage,
          uniq_grinder, uniq_blork_the_orc
D:6:      layout_cave_pods, kennysheep_mini_moat, minmay_misc_feat_tiny
D:7:      layout_rooms, mainiacjoe_overflow_cross_hatched, grunt_qazlal_clouds,
          serial_aquarium, aquarium_bridge_square [aquarium_subvault_window,
          aquarium_subvault_wall, aquarium_subvault_bridge,
          aquarium_subvault_window], aquarium_window_2, aquarium_window_1,
          aquarium_window_fake, aquarium_view_2c, aquarium_balcony_double_4,
          aquarium_pool_1, corner_web_ring, grunt_decor_mini_mirrors,
          kennysheep_cross_room
D:8:      kennysheep_seaside_town, layout_cave_pods, nemelex_spade_bored_becter,
          marbit_many_paths, uniq_maurice, uniq_joseph
D:9:      layout_cave_pools, uniq_amaemon
Temple:   nicolae_temple_god_jail

Skill      XL: |  1  2  3  4  5  6  7  8  9 10 |
---------------+-------------------------------+-----
Armour         | 1 2 3 4 6 7 |  7.2
Long Blades    | 4 5 6 7 9 10 | 10.6
Throwing       | 1 2 3 4 5 |  5.1
Fighting       | 4 5 6 7 |  7.9
Shields        | 2 4 |  4.4
Invocations    | 1 4 |  4.1
Dodging        | |  3.0

Action                     |  1- 3 |  4- 6 |  7- 9 | 10-12 || total
---------------------------+-------+-------+-------+-------++-------
  Melee: Falchion          |    87 |   106 |    14 |       ||   207
         Long sword        |       |       |   184 |   133 ||   317
         Punch             |       |       |       |     2 ||     2
  Throw: Dart              |       |    14 |    15 |     8 ||    37
         Boomerang         |       |    21 |    28 |    16 ||    65
         Throwing net      |       |     2 |     3 |     3 ||     8
  Evoke: Wand              |       |       |     1 |     9 ||    10
    Use: Scroll            |       |     4 |     2 |       ||     6
         Potion            |       |       |       |     1 ||     1
 Armour: Robe              |    19 |       |       |       ||    19
         Plate armour      |    22 |   107 |   231 |    40 ||   400
         Chain mail        |       |       |       |    53 ||    53
         Skin              |       |       |       |    25 ||    25
  Dodge: Dodged            |    51 |    19 |    74 |    34 ||   178
  Block: Kite shield       |       |       |       |    61 ||    61
